 Dungeon Crawl Stone Soup version 0.27-a0-1200-g94dc6ad4cf (webtiles) character file.

Game seed: 14743945720234695278

62 bande the Shield-Bearer (level 4, 0/28 HPs)
             Began as a Gargoyle Fighter on May 31, 2021.
             Slain by a quokka (3 damage)
             ... on level 3 of the Dungeon.
             The game lasted 00:02:45 (1372 turns).

bande the Shield-Bearer (Gargoyle Fighter)          Turns: 1372, Time: 00:02:45

Health: 0/28       AC: 10    Str: 19    XL:     4   Next: 8%
Magic:  4/4        EV:  7    Int:  9    God:
Gold:   66         SH:  9    Dex: 10    Spells: 3/3 levels left

rFire    . . .     SeeInvis .   a - +0 war axe
rCold    . . .     Faith    .   c - +0 kite shield
rNeg     + . .     Spirit   .   b - +0 scale mail
rPois    ∞         Reflect  .   (no helmet)
rElec    +         Harm     .   (no cloak)
rCorr    .         Rampage  .   (no gloves)
Will     .....                  (no boots)
Stlth    ..........             (no amulet)
HPRegen  0.09/turn              (no ring)
MPRegen  0.09/turn              (no ring)

@: hasted, very quick
A: sickness immunity, AC +3, negative energy resistance 1, electricity
resistance, torment resistance 1, petrification resistance
a: no special abilities


You were on level 3 of the Dungeon.
You visited 1 branch of the dungeon, and saw 3 of its levels.

You collected 66 gold pieces.

Inventory:

Hand Weapons
 a - a +0 war axe (weapon)
Armour
 b - a +0 scale mail (worn)
 c - a +0 kite shield (worn)
Scrolls
 e - a scroll of identify {unknown}
 i - a scroll of holy word {unknown}
Potions
 d - a potion of might
 g - a potion of magic
 h - a potion of flight {unknown}


   Skills:
 + Level 3.5 Fighting
 + Level 2.7 Axes
 + Level 3.7 Armour
 + Level 0.4 Dodging
 + Level 3.8 Shields


You had 3 spell levels left.
You didn't know any spells.
Your spell library was empty.

Dungeon Overview and Level Annotations

Branches:
Dungeon (2/15)

Altars:
Sif Muna


Innate Abilities, Weirdness & Mutations

You are immune to sickness and miasma.
Your stone body is resilient. (AC +3)
You are immune to poison.
You resist negative energy. (rN+)
You are resistant to electric shocks. (rElec)
You are resistant to unholy torment.
You are immune to petrification.


Message History

The adder is almost dead.
You barely miss the quokka. You completely miss the orc. You slash something!
You block something's attack. You block the orc's attack.
The quokka bites you but does no damage.
The adder barely misses you.
You hear some strange, mumbled words.
Something tries to affect you, but you resist.
The orc hits you but does no damage.
The quokka bites you but does no damage.
The adder closely misses you.
You hit the adder.
You kill the adder!
You barely miss the quokka. You barely miss the orc. You hit something.
The quokka bites you but does no damage.
The orc hits you with a +0 morningstar! Something hits you but does no damage.
The quokka closely misses you. You block something's attack.
The orc closely misses you.
You have reached level 4!
You feel clever.
You miss the quokka. You closely miss something. You hit the orc.
The quokka bites you but does no damage.
You block the orc's attack.
You hear some strange, mumbled words.
A magic dart appears from out of thin air!
The magic dart hits you but does no damage.
The quokka bites you but does no damage.
You closely miss the quokka. You hit the orc.
You kill the orc!
You closely miss something. Something hits you.
* * * LOW HITPOINT WARNING * * *
You block the quokka's attack.
You hear some strange, mumbled words.
A magic dart appears from out of thin air!
The magic dart hits you.
* * * LOW HITPOINT WARNING * * *
The quokka bites you but does no damage.
It was a potion of magic.
Magic courses through your body. You block the quokka's attack.
Something hits you but does no damage.
It was a potion of haste.
You feel yourself speed up. The quokka bites you.
You die...

....o.# # #....#
#.#....#
#......##########
##..............#
#..#...........#
.................#
...............){#
....>..........r@#
.............##.##
............###..#
............#
.#..#
...........#.. #.#
.... #.# .# ## ##


You could see a quokka.

Vanquished Creatures
  2 adders
  A worm (D:2)
  A dart slug (D:1)
  3 orcs (D:3)
  3 ball pythons (D:1)
  3 endoplasms (D:1)
  2 giant cockroaches (D:1)
  5 hobgoblins
  6 jackals (D:1)
  2 quokkas
  2 bats (D:1)
  A frilled lizard (D:1)
  2 rats (D:1)
33 creatures vanquished.

Notes
Turn   | Place    | Note
-------+----------+-------------------------------------------
     0 | D:1      | bande the Gargoyle Fighter began the quest for the Orb.
     0 | D:1      | Reached XP level 1. HP: 14/14 MP: 1/1
   342 | D:1      | Reached XP level 2. HP: 19/19 MP: 2/2
   503 | D:1      | Reached XP level 3. HP: 22/23 MP: 3/3
   645 | D:1      | Found a faded altar of an unknown god.
  1349 | D:2      | Found a shimmering blue altar of Sif Muna.
  1350 | D:2      | You fall into a shaft and drop 1 floor!
  1369 | D:3      | Reached XP level 4. HP: 9/28 MP: 4/4
  1372 | D:3      | Slain by a quokka

Illustrated notes

Levels and vault maps discovered:
D:1:      dpeg_arrival_shrine, layout_basic,
          hellmonk_ecumenical_altar_leap_of_faith
D:2:      layout_basic, basic_altar, minmay_3d_cube
D:3:      layout_basic, marbit_many_paths

Skill      XL: |  1  2 |
---------------+-------+-----
Axes           | 2 |  2.7
Fighting       | |  3.5
Armour         | |  3.7
Dodging        | |  0.4
Shields        | |  3.8

Action                   |  1- 3 |  4- 6 || total
-------------------------+-------+-------++-------
Melee: War axe           |   108 |     2 ||   110
  Use: Scroll            |     2 |       ||     2
       Potion            |       |     2 ||     2
Armor: Scale mail        |    87 |     5 ||    92
Dodge: Dodged            |    55 |       ||    55
Block: Kite shield       |    96 |     3 ||    99

Table legend: (Time is in decaauts)
 A = Elapsed time spent in this place.
 B = Non-inter-level travel time spent in this place.
 C = Inter-level travel time spent in this place.
 D = Time resting spent in this place.
 E = Time spent auto-exploring this place.
 F = Levels seen in this place.
 G = Mean time per level.
                   A        B        C        D        E       F      G
               +--------+--------+--------+--------+--------+-----+--------+
         Total |   1441 |   1413 |     28 |    400 |    722 |   3 |  480.3 |
       Dungeon |   1441 |   1413 |     28 |    400 |    722 |   3 |  480.3 |
               +--------+--------+--------+--------+--------+-----+--------+

Top non-repeatable levels by time:
     D:1: 1305 daAuts
     D:2: 108 daAuts
     D:3: 27 daAuts
